Map: Catalyst LE

Players

CynderQuil - Winner!

  • Race: Protoss Protoss
  • League: Platinum
  • Spawn Location: 5:00

HERTZ

  • Race: Protoss Protoss
  • League: Gold
  • Spawn Location: 11:00

VOD

Have the link to the VOD?

Description

The best cannon rush of your life. For 24 minutes.

Time

  • Played on: April 23, 2018, 7:10 a.m.
  • Length: 24:51
Show
View Real Time Build Order
Export as new Build Order

CynderQuil Protoss - Winner!

Build Orders:  

Get SALT Encoding   

  1  0:00  Probe  
  12  0:05  Probe  
  14  0:24  Pylon  
  14  0:25  Probe  
  15  0:42  Probe  
  16  0:44  Forge  
  16  0:54  Assimilator  
  16  0:59  Assimilator  
  16  1:05  Pylon  
  16  1:13  Probe  
  17  1:27  Photon Cannon x2  
  17  1:43  Pylon  
  17  1:54  Pylon  
  17  2:02  Photon Cannon x2  
  17  2:11  Pylon  
  17  2:19  Photon Cannon  
  17  2:29  Photon Cannon  
  17  2:39  Photon Cannon  
  17  2:57  Photon Cannon  
  17  3:15  Pylon  
  17  3:26  Pylon  
  17  3:29  Pylon  
  17  3:35  Pylon  
  17  3:38  Pylon  
  17  3:40  Pylon  
  17  3:49  Photon Cannon  
  17  3:51  Photon Cannon  
  17  3:56  Photon Cannon  
  14  4:29  Pylon  
  14  4:48  Photon Cannon  
  14  4:50  Photon Cannon  
  14  4:58  Pylon  
  14  5:07  Photon Cannon  
  14  5:20  Photon Cannon  
  14  5:21  Photon Cannon  
  14  5:24  Photon Cannon  
  14  5:26  Pylon  
  14  5:40  Photon Cannon, Pylon  
  13  5:59  Photon Cannon  
  10  6:37  Probe  
  11  6:45  Probe  
  11  6:53  Probe  
  13  7:05  Probe  
  14  7:18  Probe, Pylon  
  15  7:26  Pylon  
  15  7:29  Pylon  
  14  7:37  Photon Cannon  
  14  7:52  Photon Cannon  
  14  7:57  Probe  
  13  8:05  Probe  
  15  8:20  Probe  
  15  8:21  Pylon  
  16  8:32  Probe  
  17  8:43  Photon Cannon  
  17  8:44  Photon Cannon  
  16  9:21  Pylon  
  16  9:25  Pylon  
  16  9:33  Photon Cannon  
  16  9:49  Photon Cannon  
  16  9:50  Photon Cannon  
  16  9:53  Pylon  
  16  9:56  Pylon  
  16  9:59  Pylon  
  16  10:00  Pylon  
  16  10:16  Photon Cannon  
  16  11:01  Pylon  
  16  11:34  Pylon  
  16  11:50  Nexus  
  16  12:08  Photon Cannon  
  16  12:22  Photon Cannon  
  16  12:43  Pylon  
  16  12:44  Pylon  
  16  12:53  Pylon  
  16  13:15  Probe  
  16  13:23  Probe  
  16  13:28  Gateway  
  16  13:32  Probe  
  18  13:42  Probe  
  18  13:44  Gateway  
  19  13:50  Probe  
  20  13:59  Probe  
  21  14:11  Probe  
  21  14:15  Pylon  
  22  14:20  Probe  
  22  14:21  Zealot  
  22  14:23  Probe, Pylon  
  25  14:28  Probe  
  26  14:31  Probe  
  26  14:35  Cybernetics Core  
  26  14:37  Probe  
  28  14:41  Probe, Photon Cannon  
  28  14:43  Photon Cannon  
  30  14:50  Zealot  
  30  14:51  Zealot  
  34  15:05  Photon Cannon  
  34  15:14  Photon Cannon  
  34  15:18  Probe  
  34  15:26  Probe  
  35  15:32  Photon Cannon  
  35  15:33  Photon Cannon  
  35  15:35  Photon Cannon  
  36  15:36  Probe  
  36  15:39  Gateway  
  36  15:42  Pylon  
  37  15:44  Pylon  
  37  16:07  Pylon  
  37  16:11  Zealot  
  37  16:12  Assimilator, Zealot  
  37  16:20  Zealot  
  43  16:37  Photon Cannon  
  43  16:47  Photon Cannon  
  43  16:51  Photon Cannon  
  43  17:03  Probe  
  43  17:08  Assimilator  
  44  17:11  Probe  
  44  17:13  Assimilator  
  45  17:15  Assimilator  
  45  17:18  Zealot  
  45  17:21  Probe  
  45  17:22  Warp Gate  
  42  18:05  Stargate  
  42  18:10  Zealot  
  42  18:11  Zealot  
  42  18:12  Zealot  
  48  18:20  Pylon  
  48  18:25  Pylon  
  48  18:37  Stargate  
  48  18:41  Pylon  
  46  18:56  Zealot  
  46  18:58  Zealot x2  
  51  19:37  Phoenix x2  
  51  19:42  Photon Cannon  
  51  19:43  Photon Cannon  
  55  19:46  Photon Cannon  
  55  19:50  Photon Cannon  
  55  19:53  Stargate  
  55  20:03  Stalker  
  55  20:04  Stalker  
  59  20:17  Phoenix  
  61  20:23  Nexus  
  61  20:31  Pylon  
  61  20:40  Stalker x2  
  61  20:41  Photon Cannon  
  65  20:43  Photon Cannon, Void Ray x3  
  65  20:44  Assimilator  
  59  21:21  Pylon  
  57  21:35  Probe  
  57  21:36  Probe  
  59  21:41  Probe  
  59  21:43  Probe  
  59  21:44  Probe  
  60  22:10  Void Ray  
  54  22:41  Probe x2  
  54  22:42  Probe  
  57  22:44  Void Ray  
  57  22:47  Phoenix  
  63  23:04  Probe  
  63  23:07  Probe x2  
  66  23:17  Void Ray  
  61  24:00  Void Ray  
Show
View Real Time Build Order
Export as new Build Order

HERTZ Protoss 

Build Orders: 1 Gate Expand, Double Forge 

Get SALT Encoding   

  1  0:00  Probe  
  13  0:07  Probe  
  14  0:20  Pylon  
  14  0:24  Probe  
  15  0:38  Probe  
  15  0:42  Gateway  
  16  0:51  Assimilator  
  16  0:58  Assimilator  
  16  1:24  Nexus  
  16  1:27  Probe  
  17  1:56  Forge  
  17  2:02  Pylon  
  17  2:15  Zealot  
  18  2:33  Photon Cannon  
  18  2:55  Pylon  
  18  3:11  Probe  
  17  3:23  Probe  
  17  3:26  Pylon  
  18  4:08  Gateway  
  18  4:20  Probe  
  17  4:28  Probe  
  18  4:42  Forge  
  18  4:49  Probe  
  18  4:57  Probe  
  19  5:00  Zealot  
  22  5:10  Assimilator  
  21  5:59  Nexus  
  19  6:42  Probe  
  20  8:04  Pylon  
  20  8:10  Probe  
  20  8:19  Probe  
  22  8:28  Probe  
  22  8:34  Gateway  
  22  9:04  Gateway  
  12  9:59  Probe  
  12  10:05  Nexus  
  13  10:07  Probe  
  13  11:33  Pylon  
  13  11:48  Probe  
  14  11:56  Probe  
  15  12:02  Gateway  
  15  12:05  Gateway  
  15  12:06  Probe  
  16  12:18  Probe  
  15  13:21  Zealot  
  15  13:22  Zealot  
  15  13:25  Probe  
  20  13:37  Cybernetics Core  
  20  13:39  Assimilator  
  20  13:58  Probe  
  21  14:06  Probe  
  22  14:24  Probe  
  22  14:29  Assimilator  
  23  14:45  Nexus  
  23  15:13  Pylon  
  23  15:14  Pylon  
  23  15:31  Probe, Zealot x2  
  28  15:43  Probe  
  29  15:55  Warp Gate, Probe  
  30  16:06  Probe  
  30  16:07  Robotics Facility, Probe  
  32  16:14  Probe  
  33  16:19  Probe  
  33  16:21  Stalker x2  
  33  16:25  Probe  
  38  16:31  Probe  
  40  16:52  Probe  
  41  17:04  Probe  
  41  17:05  Immortal  
  42  17:12  Probe, Pylon  
  47  17:16  Probe  
  48  17:24  Probe  
  48  17:29  Probe  
  40  17:50  Immortal  
  40  17:55  Stargate  
  40  18:01  Pylon  
  44  18:09  Probe x2, Shield Battery  
  46  18:21  Probe, Assimilator  
  46  18:25  Assimilator  
  47  18:28  Gateway  
  47  18:30  Gateway  
  47  18:33  Gateway  
  47  18:41  Zealot x2  
  47  18:42  Void Ray  
  51  18:54  Immortal  
  54  19:19  Zealot x2  
  56  19:50  Zealot x2  
  60  20:13  Zealot x2  
  64  20:14  Immortal  
  68  20:24  Shield Battery  
  68  20:25  Shield Battery  
  68  20:27  Pylon  
  68  20:28  Probe x2  
  70  20:45  Probe x2  
  50  21:32  Stalker x2  
  50  21:39  Probe x2  
  56  21:56  Stalker x4  
  54  22:17  Stalker  
  54  22:21  Stalker x2  
  54  22:22  Stalker x2  
  45  22:31  Immortal  
  33  22:46  Stalker x4  
  33  22:47  Stalker  
  33  22:48  Phoenix  
  45  23:08  Shield Battery  
  45  23:16  Nexus  
  45  23:17  Stalker  
  47  23:22  Pylon  
  47  23:24  Pylon  
  47  23:26  Pylon  
  26  24:05  Stalker x2  
  26  24:06  Stalker  
  32  24:26  Stalker  
Tags
 
Add a new tag
Caveats
  • Supply blocks, unpowered buildings, or Contaminate may cause inaccurate times.
  • Supply counts are checked every 10 seconds.